 Dungeon Crawl Stone Soup version 0.30-a0-341-g682706514a (webtiles) character file.

Game seed: 5136826838127099566

2083 p00ps00p the Cleaver (level 9, 0/81 HPs)
             Began as a Hill Orc Fighter on Nov 5, 2022.
             Was an Initiate of Gozag.
             Succumbed to Dowan's poison
             ... on level 7 of the Dungeon.
             The game lasted 00:08:58 (6221 turns).

p00ps00p the Cleaver (Hill Orc Fighter)             Turns: 6221, Time: 00:08:59

Health: 0/81       AC: 12    Str: 29    XL:     9   Next: 27%
Magic:  9/9        EV:  9    Int:  8    God:    Gozag
Gold:   594        SH:  9    Dex: 10    Spells: 8/8 levels left

rFire   . . .      SeeInvis +    a - +2 war axe (drain)
rCold   . . .      Faith    .    l - +0 kite shield
rNeg    . . .      Spirit   .    y - +1 ring mail "Feusmiox" {Str+6}
rPois   .          Reflect  .    (no helmet)
rElec   .          Harm     .    r - +0 cloak
rCorr   .          Rampage  .    v - +2 pair of gloves
Will    .....                    (no boots)
Stlth   ..........               h - amulet of magic regeneration
HPRegen 0.33/turn                f - ring of see invisible
MPRegen 0.51/turn                s - ring of flight

@: lethally poisoned (0 -> -6), flying
A: no striking features
a: Renounce Religion, Potion Petition, Call Merchant, Bribe Branch


You were on level 7 of the Dungeon.
You worshipped Gozag.
Gozag was pleased with you.
You visited 2 branches of the dungeon, and saw 8 of its levels.

You collected 671 gold pieces.
You paid 77 gold pieces to Gozag.

Inventory:

Hand Weapons
 a - a +2 war axe of draining (weapon)
Missiles
 e - 4 datura-tipped darts (quivered)
 n - 2 throwing nets
Armour
 l - a +0 kite shield (worn)
 r - a +0 cloak (worn)
 v - a +2 pair of gloves (worn)
 y - the +1 ring mail "Feusmiox" (worn) {Str+6}
   (You found it on level 5 of the Dungeon)

   Str:       It affects your strength (+6).
Jewellery
 c - a ring of magical power
 f - a ring of see invisible (left hand)
 h - an amulet of magic regeneration (around neck)
 s - a ring of flight (right hand)
Wands
 w - a wand of polymorph (11)
Scrolls
 i - 2 scrolls of fear
 t - 2 scrolls of teleportation
 u - 2 scrolls of magic mapping
 B - a scroll of enchant weapon
Potions
 d - 2 potions of might
 g - 3 potions of invisibility
 j - 2 potions of haste
 m - a potion of flight {unknown}
 o - a potion of mutation
 p - a potion of degeneration
 q - 2 potions of curing {unknown}
 x - a potion of lignification
 z - a potion of magic
 A - 2 potions of brilliance {unknown}


   Skills:
 + Level 8.0 Fighting
 + Level 8.2 Axes
 + Level 7.3 Armour
 + Level 7.3 Shields


You had 8 spell levels left.
You didn't know any spells.
Your spell library contained the following spells:

 Spells                   Type           Power      Damage    Failure   Level
 Shock                    Conj/Air       0%         1d3       83%         1
 Swiftness                Air            0%         N/A       99%         3
 Airstrike                Air            0%         2d(0-16)  100%        4


Dungeon Overview and Level Annotations

Branches:
Dungeon (7/15)             Temple (1/1) D:5

Altars:
Ashenzari
Cheibriados
Dithmenos
Elyvilon
Fedhas
Gozag
Hepliaklqana
Kikubaaqudgha
Makhleb
Nemelex Xobeh
Okawaru
Qazlal
Ru
Sif Muna
Trog
Vehumet
Wu Jian
Xom
Yredelemnul
Zin
The Shining One

Annotations:
D:7 Dowan


Message History

Dowan seems to find hidden reserves of power!
Your Fighting skill increases to level 8!
You block Dowan's attack.
Dowan hits you with a +2 dagger of venom.
You closely miss Dowan.
Dowan is heavily wounded.
Dowan hits you but does no damage.
You are poisoned.
You block Dowan's attack.
You closely miss Dowan.
Dowan is heavily wounded.
You feel sick. Dowan hits you but does no damage.
You are more poisoned.
You miss Dowan.
Dowan is heavily wounded.
You feel very sick. You block Dowan's attack.
Dowan casts a spell.
Dowan blinks!
You feel sick.
You barely miss Dowan.
Dowan is heavily wounded.
You feel very sick. Dowan barely misses you. You block Dowan's attack.
You slash Dowan!
Dowan is almost dead.
You feel sick. Dowan hits you but does no damage.
You are more poisoned.
Dowan mumbles some strange words.
Dowan blinks!
You feel very sick.
You feel very sick. Dowan gestures at you while chanting.
The shard of ice hits you!!
* * * LOW HITPOINT WARNING * * *
Blink to where?
Press: ? - help, Q - select action, (/) - cycle Dir - move target
As you read the scroll of blinking, it crumbles to dust.
You die...
Your body crumbles into a pile of gold.

#. #. #. ..
#. # #. .#
#.###.#.#.#
#.@.......#
#.###.###.###
#....ยง.e..#
#####.#####
#.# #.# #.#
#.# $ #.#


You could see Dowan (fast, very drained).

Vanquished Creatures
  Grinder (D:3)
  A water moccasin (D:5)
  Duvessa (D:7)
  A black bear (D:4)
  2 ice beasts
  2 phantoms
  Blork the orc (D:6)
  A kobold brigand (D:6)
  A necrophage (D:6)
  4 scorpions
  A howler monkey (D:5)
  3 hounds
  2 orc priests (D:5)
  2 gnoll boudas (D:6)
  3 iguanas
  Jessica (D:3)
  Natasha (D:3)
  6 orc wizards
  7 gnolls (D:6)
  6 adders
  A shadow imp (D:6)
  5 white imps
  2 ufetubi (D:5)
  2 worms
  3 dart slugs
  15 orcs
  3 endoplasms
  13 giant cockroaches
  6 goblins
  4 hobgoblins
  A quokka (D:5)
  14 ball pythons
  6 bats
  3 frilled lizards
  9 kobolds
  5 rats
139 creatures vanquished.

Notes
Turn   | Place    | Note
-------+----------+-------------------------------------------
     0 | D:1      | p00ps00p the Hill Orc Fighter began the quest for the Orb.
     0 | D:1      | Reached XP level 1. HP: 19/19 MP: 1/1
   260 | D:1      | Reached XP level 2. HP: 23/27 MP: 2/2
   976 | D:2      | Reached XP level 3. HP: 33/33 MP: 3/3
  1571 | D:2      | Reached XP level 4. HP: 39/40 MP: 4/4
  2166 | D:3      | Noticed a scorpion
  2171 | D:3      | Killed a scorpion
  2172 | D:3      | Reached XP level 5. HP: 41/47 MP: 5/5
  2456 | D:3      | Noticed Natasha
  2466 | D:3      | Killed Natasha
  2476 | D:3      | Noticed Jessica
  2483 | D:3      | Killed Jessica
  2493 | D:3      | Reached XP level 6. HP: 51/55 MP: 6/6
  2521 | D:3      | Noticed Grinder
  2533 | D:3      | Killed Grinder
  2534 | D:3      | Reached skill level 5 in Fighting
  2534 | D:3      | Reached skill level 5 in Axes
  2534 | D:3      | Reached skill level 5 in Armour
  2534 | D:3      | Reached skill level 5 in Shields
  2652 | D:3      | Reached XP level 7. HP: 55/61 MP: 7/7
  3558 | D:5      | Entered Level 5 of the Dungeon
  3727 | D:5      | Reached XP level 8. HP: 71/71 MP: 8/8
  3729 | D:5      | Found a staircase to the Ecumenical Temple.
  3753 | Temple   | Entered the Ecumenical Temple
  4120 | Temple   | Became a worshipper of Gozag Ym Sagoz the Greedy
  4331 | D:5      | Identified the +1 ring mail "Feusmiox" {Str+6}
  4809 | D:6      | Noticed Blork the orc
  4827 | D:6      | Killed Blork the orc
  5110 | D:6      | Reached XP level 9. HP: 55/79 MP: 9/9
  6199 | D:7      | Noticed Duvessa
  6199 | D:7      | Noticed Dowan
  6211 | D:7      | Killed Duvessa
  6220 | D:7      | HP: 2/81 [Dowan/shard of ice (24)]
  6221 | D:7      | Succumbed to Dowan's poison

Illustrated notes

Levels and vault maps discovered:
D:1:      saegor_arrival_miasma, layout_loops_corners
D:2:      minmay_roachtagon, layout_basic, chequers_serial_rivers_micro_d
D:3:      layout_loops_cross, minmay_fractal_squares_gapless_5, uniq_grinder,
          uniq_natasha, uniq_jessica
D:4:      layout_gridville, nicolae_kite_square_tiling_tiny
D:5:      layout_basic, minmay_temple_entry_ruins
D:6:      kennysheep_spiral_hall, layout_cave_pools, uniq_blork_the_orc
D:7:      layout_loops_corners, eat_drink_and_be_merry_uskayaw, uniq_duvessa
Temple:   mainiacjoe_temple_circle_huts

Skill      XL: |  1  2  3  4  5  6  7  8  9 |
---------------+----------------------------+-----
Axes           | 3 4 5 6 7 8 |  8.2
Fighting       | 4 5 6 7 8 |  8.0
Armour         | 4 5 6 7 |  7.3
Shields        | 4 5 6 7 |  7.3

Action                   |  1- 3 |  4- 6 |  7- 9 || total
-------------------------+-------+-------+-------++-------
Melee: War axe           |   106 |    86 |   194 ||   386
  Use: Scroll            |     5 |     2 |    14 ||    21
 Stab: Distracted        |       |       |     1 ||     1
Armor: Scale mail        |    56 |    40 |    59 ||   155
       Ring mail         |       |       |    42 ||    42
Dodge: Dodged            |    55 |    25 |    79 ||   159
Block: Buckler           |    15 |       |       ||    15
       Kite shield       |    19 |    34 |    90 ||   143

Table legend: (Time is in decaauts)
 A = Elapsed time spent in this place.
 B = Non-inter-level travel time spent in this place.
 C = Inter-level travel time spent in this place.
 D = Time resting spent in this place.
 E = Time spent auto-exploring this place.
 F = Levels seen in this place.
 G = Mean time per level.
                   A        B        C        D        E       F      G
               +--------+--------+--------+--------+--------+-----+--------+
         Total |   6362 |   6173 |    189 |   1034 |   4051 |   8 |  795.2 |
       Dungeon |   5982 |   5844 |    138 |   1034 |   3745 |   7 |  854.6 |
        Temple |    379 |    328 |     51 |      0 |    306 |   1 |  379.0 |
               +--------+--------+--------+--------+--------+-----+--------+

Top non-repeatable levels by time:
     D:6: 1475 daAuts
     D:2: 1218 daAuts
     D:1: 864 daAuts
     D:5: 824 daAuts
     D:3: 812 daAuts
     D:4: 761 daAuts
  Temple: 379 daAuts
     D:7: 25 daAuts
